AAAAAAAAAA, lawful female human Valkyrie ------ ------- |..... ......| |....{... ----------- ------------ ...{....| -............^..... ----------- -----------...........n.......- -[......^...+...k...........y.---------.............................- -....................o.r.!%.................?.%........>...)......- -.........!..........!..%).h.S.................?................- -......................%......................................- -.................................qZ.....F..................- --.............................s.f.q...y.....................-- --...................o......."...%o:......(................*...-- --........e......................a.@M:...........................-- -.................................S.quq...F.......................- -......*.^............o...o.. ---------.....................%.......- -................. ---------- ----------- ..................- |....{. ---------- ----------- ..{....| | .| -- AAAAAAAAAA the Fighter Experience level: 8 Strength: 18/02 Dexterity: 14 Constitution: 18 Intelligence: 7 Wisdom: 9 Charisma: 7 Health: 0(76) Energy: 21(21) Def: 13 Gold: 1446 Moves: 5591 Dungeon seed: wxWjOiKzDLrE0-H7 Game ID: AAAAAAAAAA_1566826728 Your Inventory: Coins $ - 1446 gold pieces Weapons a - a +1 long sword b - a +0 dagger (in quiver) l - the +0 Grayswandir (weapon in hand) Armor e - an uncursed +3 small shield (being worn) n - an uncursed +0 orcish helm q - an uncursed +0 plate mail (being worn) r - a cursed +0 dwarvish cloak (being worn) y - an uncursed +0 pair of iron shoes z - an uncursed +0 helm of brilliance (being worn) N - an uncursed +0 pair of kicking boots (being worn) Comestibles k - an uncursed tin of red mold D - 2 uncursed slime molds F - an uncursed pancake K - an uncursed carrot Potions d - an uncursed potion of speed E - an uncursed potion of hallucination Rings f - an uncursed ring of regeneration (on left hand) x - a cursed ring of hunger I - an uncursed ring of fire resistance Wands C - a wand of nothing (0:5) J - a wand of locking (0:5) Tools j - an uncursed bag of holding o - a +0 pick-axe p - an uncursed magic whistle Spells and supernatural/magical abilities: Name Level Category Fail Memory W - pray for help -- divine ? -- Your skills at the end: Fighting Skills Weapon Skills dagger [Basic] long sword [Basic] Spellcasting Skills Final Attributes: You were piously aligned. You were cold resistant. You resisted hallucinations. You were stealthy. You regenerated. You were fast. You are dead. Vanquished creatures: a large mimic a small mimic a flaming sphere 2 ettin zombies a crocodile a cockatrice 2 leprechauns a vampire bat 3 gnome kings an orc mummy a dwarf mummy an owlbear a werewolf a dust vortex a raven 2 soldier ants a quasit 3 Uruk-hai 2 rock piercers a rock mole 2 yellow lights a violet fungus 6 gnome lords a gnomish wizard a golden naga hatchling a guardian naga hatchling a gray ooze a straw golem 3 giant ants a little dog a floating eye 4 dwarves a kobold lord 2 rothes a centipede a giant bat an orc zombie 4 killer bees 2 acid blobs a coyote a gas spore 2 hobbits 9 manes a large kobold 3 hobgoblins 4 giant rats a brown mold 2 red molds 31 gnomes 3 garter snakes a gnome zombie 4 jackals 2 foxes 2 kobolds 2 goblins a sewer rat 7 grid bugs 3 lichens 2 kobold zombies 4 newts 149 creatures vanquished. Voluntary challenges: You had followed a strict vegan diet until turn 4585. You had followed a strict vegetarian diet until turn 4585. You had been an atheist until turn 3217. You used a wielded weapon 223 times, starting on turn 154. You read items or engraved 2 times, starting on turn 872. You never genocided any monsters. You never polymorphed an object. You never changed form. You used no wishes. You never split a pudding. You never wrote Elbereth's name. You violated your moral code, losing 26 points of alignment, starting on turn 1602. Dungeon overview: The Dungeons of Doom: levels 1 to 11 Level 1 a fountain a long staircase Level 2 Level 3 stairs to The Gnomish Mines Level 4 Level 5 Level 7 many fountains Level 8 some fountains a long staircase Level 9 Level 10 some fountains Level 11 <- You were here many fountains The Gnomish Mines: levels 4 to 7 Level 4 stairs to The Dungeons of Doom Level 5 Level 6 Level 7 many shops, a temple to Odin, some fountains History has recorded: On T:1 you entered the Dungeons of Doom to retrieve the Amulet of Yendor! On T:360 you reached level 2 of The Dungeons of Doom. On T:646 you reached level 3 of The Dungeons of Doom. On T:766 you reached level 1 of The Gnomish Mines. On T:768 you advanced to experience level 2. On T:779 you advanced to experience level 3. On T:853 you advanced to experience level 4. On T:1080 you reached level 2 of The Gnomish Mines. On T:1450 you advanced to experience level 5. On T:1907 you reached level 3 of The Gnomish Mines. On T:1976 you advanced to experience level 6. On T:2173 you reached level 4 of The Gnomish Mines. On T:2405 you advanced to experience level 7. On T:3351 you reached level 4 of The Dungeons of Doom. On T:3712 you reached level 5 of The Dungeons of Doom. On T:4145 you reached level 7 of The Dungeons of Doom. On T:4411 you reached level 8 of The Dungeons of Doom. On T:4670 you advanced to experience level 8. On T:4774 you reached level 9 of The Dungeons of Doom. On T:5041 you reached level 10 of The Dungeons of Doom. On T:5363 you reached level 11 of The Dungeons of Doom. Score breakdown: Gold: 1446 (10750 points) Experience: 8 levels (14739 points) Exploration: 11 levels ( 20.75%) (13155 points) Discoveries: 11 items ( 4.47%) ( 6343 points) Valuables value: (no points given unless you survive) Artifact value: 8000 (13277 points) Variety of kills: 60 monsters ( 15.75%) (11905 points) Turncount: 5591 turns (-1519 points) Survival: died (score multiplied by 80%) Total score: 54920 Latest messages: The gnome mummy just misses! You miss the gnome mummy. The lizard just misses! The gnome mummy hits! The rothe hits! The rothe bites! The rothe misses. You hit the rothe! You miss the gnome mummy. The garter snake bites! The Uruk-hai shudders for a moment. The gnome mummy just misses! The rothe misses. The rothe bites! The rothe just misses! You miss the rothe. The garter snake misses. The lizard bites! The hobgoblin hits! You die... The bag of holding is empty. The bag of holding is empty. Final status: Farvel AAAAAAAAAA the Valkyrie, killed by a hobgoblin... You died in The Dungeons of Doom on dungeon level 11 with 54920 points, and 1446 pieces of gold, after 5591 moves. You were level 8 with a maximum of 76 hit points when you died.